 Dungeon Crawl Stone Soup version 0.29.0-4-gdea44cf6ec (webtiles) character file.

Game seed: 15294747459673673422

55 qw the Chopper (level 3, -6/21 HPs)
             Began as a Tengu Warper on Aug 28, 2022.
             Mangled by a gnoll
             ... wielding a +0 halberd
              (7 damage)
             ... on level 2 of the Dungeon.
             The game lasted 00:00:09 (2029 turns).

qw the Chopper (Tengu Warper)                       Turns: 2029, Time: 00:00:10

Health: -6/21      AC:  3    Str: 13    XL:     3   Next: 93%
Magic:  7/7        EV: 12    Int: 13    God:
Gold:   106        SH:  0    Dex: 13    Spells: 6/6 levels left

rFire   . . .      SeeInvis .   Y - +0 hand axe
rCold   . . .      Faith    .   (no shield)
rNeg    . . .      Spirit   .   b - +0 leather armour
rPois   .          Reflect  .   (helmet restricted)
rElec   .          Harm     .   (no cloak)
rCorr   .          Rampage  .   (no gloves)
Will    .....                   (boots unavailable)
Stlth   +.........              (no amulet)
HPRegen 0.07/turn               (no ring)
MPRegen 0.10/turn               (no ring)

@: no status effects
A: beak, talons 3
a: no special abilities


You were on level 2 of the Dungeon.
You visited 1 branch of the dungeon, and saw 2 of its levels.

You collected 106 gold pieces.


Innate Abilities, Weirdness & Mutations

You have a beak for a mouth.
You have claws for feet.


   Skills:
 - Level 2.0 Fighting
 + Level 4.5 Axes
 - Level 1.0 Throwing
 - Level 1.1 Armour
 - Level 2.1 Dodging
 - Level 2.0 Spellcasting
 - Level 2.4 Translocations


You had 6 spell levels left.
You didn't know any spells.
Your spell library contained the following spells:

 Spells                   Type           Power      Damage    Failure   Level
 Blink                    Tloc           14%        N/A       19%         2
 Gell's Gravitas          Tloc           7%         N/A       36%         3
 Lesser Beckoning         Tloc           7%         N/A       36%         3
 Teleport Other           Tloc           7%         N/A       36%         3
 Manifold Assault         Tloc           7%         N/A       98%         5

Inventory:

Hand Weapons
 e - a +0 whip
 Y - a +0 hand axe (weapon)
Armour
 b - a +0 leather armour (worn)
Scrolls
 f - a scroll of identify
Potions
 a - 2 potions of mutation {unknown}
 c - a potion of flight {unknown}
 d - a potion of haste {unknown}
 g - a potion of might {unknown}
 i - 2 potions of curing {unknown}

Dungeon Overview and Level Annotations

Branches:
Dungeon (2/15)

Altars:

Shops:
D:1 :


Message History

You kill the kobold!
You see here a +0 dagger.
g - an amethyst potion A ball python comes into view.
The ball python hisses angrily.
You hit the ball python.
You kill the ball python!
You open the door. 4 gnolls come into view.
A gnoll is wielding a +1 vorpal spear.
The gnoll shouts! x3
The gnoll hits you from afar with a +1 vorpal spear.
Found a scale mail.
2020 ||| Stepping ~*~*~tactically~*~*~ (hiding).
You start resting.
A gnoll is nearby!
You hit the gnoll. Your kick misses the gnoll.
The gnoll is lightly wounded.
The gnoll barely misses you.
You completely miss the gnoll. You claw the gnoll.
The gnoll is severely wounded.
The gnoll misses you.
You barely miss the gnoll. You claw the gnoll.
You kill the gnoll!
You barely miss the gnoll. The gnoll barely misses you.
You closely miss the gnoll. The gnoll barely misses you. The gnoll misses you.
You hit the gnoll. You claw the gnoll, but do no damage.
Your peck misses the gnoll.
The gnoll is moderately wounded.
The gnoll barely misses you. The gnoll closely misses you.
You hit the gnoll. You claw the gnoll, but do no damage.
The gnoll is heavily wounded.
The gnoll hits you with a +0 club.
The gnoll hits you from afar with a +0 halberd.
You hit the gnoll but do no damage.
The gnoll is heavily wounded.
The gnoll hits you with a +0 club.
The gnoll hits you from afar with a +0 halberd!
You die...

#....##......#...#
.....##..........#
#............#.## [#
...........#.#.## g#
................# g#
...........#...###.#
....####.........#g#
. .....#
#.#.##.##.#g# ...
.....#
#.#.##...@#'#.....
.....#
#.#.######gg......
.....#
............###
.....# ######......#
.....# #......#
####.# ..#+#.... ##.
.#### ## #


You could see 2 gnolls.

Vanquished Creatures
  A gnoll (D:2)
  A worm (D:2)
  4 dart slugs (D:1)
  2 endoplasms (D:1)
  2 giant cockroaches
  2 goblins (D:1)
  4 hobgoblins (D:1)
  2 jackals (D:1)
  A quokka (D:1)
  5 ball pythons
  3 bats
  3 frilled lizards (D:1)
  2 kobolds
  2 rats (D:1)
34 creatures vanquished.

Notes
Turn   | Place    | Note
-------+----------+-------------------------------------------
     0 | D:1      | qw the Tengu Warper began the quest for the Orb.
     0 | D:1      | Reached XP level 1. HP: 12/12 MP: 4/4
     0 | D:1      | 0 ||| qw: Version: 0.1-a-89-g26bdef1
     0 | D:1      | 0 ||| qw: Game counter: 259
     0 | D:1      | 0 ||| qw: Always use a shield: true
     0 | D:1      | 0 ||| qw: God list: Okawaru
     0 | D:1      | 0 ||| qw: Allow faded altars: false
     0 | D:1      | 0 ||| qw: Do Orc after D:15 true
     0 | D:1      | 0 ||| qw: Do second Lair branch before Depths: true
     0 | D:1      | 0 ||| qw: Lair rune preference: random
     0 | D:1      | 0 ||| qw: Plans: Normal
     0 | D:1      | 0 ||| PLANNING D:1-11
    45 | D:1      | Found Popaatonk's Book Boutique.
    81 | D:1      | Reached XP level 2. HP: 17/17 MP: 6/6
    89 | D:1      | 89 ||| Stepping ~*~*~tactically~*~*~ (stealth).
    95 | D:1      | Reached skill level 3 in Axes
   382 | D:1      | 382 ||| Stepping ~*~*~tactically~*~*~ (stealth).
   449 | D:1      | 449 ||| Stepping ~*~*~tactically~*~*~ (stealth).
   451 | D:1      | 451 ||| Stepping ~*~*~tactically~*~*~ (stealth).
   452 | D:1      | 452 ||| Stepping ~*~*~tactically~*~*~ (stealth).
   468 | D:1      | 468 ||| Stepping ~*~*~tactically~*~*~ (stealth).
   669 | D:1      | Reached XP level 3. HP: 21/21 MP: 7/7
   696 | D:1      | 696 ||| Stepping ~*~*~tactically~*~*~ (stealth).
   822 | D:1      | 822 ||| Stepping ~*~*~tactically~*~*~ (stealth).
   938 | D:1      | Reached skill level 4 in Axes
  1428 | D:1      | 1428 ||| READING scroll labelled QAODIOF CEANER.
  1429 | D:1      | 1429 ||| READING scroll labelled JIORPH KECZOS.
  1430 | D:1      | 1430 ||| READING scroll labelled OBI ZUOFEREXIJ.
  1531 | D:1      | 1531 ||| READING scroll labelled FYNTE ZYPAUXT.
  1532 | D:1      | 1532 ||| READING scroll labelled NAHOMU IRGHE.
  1533 | D:1      | 1533 ||| DROPPING scroll of blinking.
  2020 | D:2      | 2020 ||| Stepping ~*~*~tactically~*~*~ (hiding).
  2029 | D:2      | HP: 1/21 [gnoll/+0 club (5)]
  2029 | D:2      | Mangled by a gnoll

Levels and vault maps discovered:
D:1:      lemuel_arrival_behind_the_door_large, layout_basic, serial_shops,
          nicolae_diamond_shop
D:2:      layout_basic, minmay_misc_feat_pillars, uniq_terence

Skill      XL: |  1  2  3 |
---------------+----------+-----
Axes           | 3 4 |  4.5
Fighting       | |  2.0
Throwing       | |  1.0
Armour         | |  1.1
Dodging        | |  2.1
Spellcasting   | |  2.0
Translocations | |  2.4

Action                   || total
-------------------------++-------
Melee: Hand axe          ||    82
       Peck              ||    13
       Kick              ||    24
Throw: Boomerang         ||     7
  Use: Scroll            ||     5
Armor: Leather armour    ||    20
Dodge: Dodged            ||    56

Table legend:
 A = Non-vault XP
 B = Vault XP
 C = Vault XP percentage of total XP
 D = Non-vault monster count
 E = Vault monster count
 F = Vault count percentage of total count
                 A         B        C        D         E       F
            +---------+---------+-------+---------+---------+-------
      Total |      79 |       0 |   0.0 |      34 |       0 |   0.0
            +---------+---------+-------+---------+---------+-------
        D:1 |      53 |       0 |   0.0 |      28 |       0 |   0.0
        D:2 |      26 |       0 |   0.0 |       6 |       0 |   0.0
            +---------+---------+-------+---------+---------+-------
